 Dungeon Crawl Stone Soup version 0.28-a0-991-g956f0ee3d5 (webtiles) character file.

Game seed: 8765173847444706998

308 wotkd0121004 the Sneak (level 6, 0/38 HPs)
             Began as an Octopode Earth Elementalist on Dec 4, 2021.
             Was an Initiate of Gozag.
             Slain by a scorpion (7 damage)
             ... on level 4 of the Dungeon.
             The game lasted 00:09:17 (4987 turns).

wotkd0121004 the Sneak (OpEE)                       Turns: 4987, Time: 00:09:18

Health: 0/38       AC:  1    Str:  8    XL:     6   Next: 40%
Magic:  10/10      EV: 14    Int: 19    God:    Gozag
Gold:   128        SH:  9    Dex: 12    Spells: 6/10 levels left

rFire   . . .      SeeInvis .   a - +0 dagger
rCold   . . .      Faith    .   k - +2 kite shield
rNeg    . . .      Spirit   .   (helmet restricted)
rPois   .          Reflect  .   (no amulet)
rElec   .          Harm     .   h - +4 ring of evasion
rCorr   .          Rampage  .   (no ring)
Will    .....                   (no ring)
Stlth   +++.......              (no ring)
HPRegen 0.12/turn               (no ring)
MPRegen 0.12/turn               (no ring)
                                (no ring)
                                (no ring)

@: no status effects
A: almost no armour, amphibious, 8 rings, camouflage 1, gelatinous body 1,
(nimble swimmer 1), tentacles
a: Renounce Religion, Potion Petition, Call Merchant, Bribe Branch


You were on level 4 of the Dungeon.
You worshipped Gozag.
Gozag was aware of your devotion.
You visited 2 branches of the dungeon, and saw 5 of its levels.

You collected 173 gold pieces.
You paid 45 gold pieces to Gozag.

Inventory:

Hand Weapons
 a - a +0 dagger (weapon)
Missiles
 b - 75 stones
Armour
 g - a +0 buckler
 k - a +2 kite shield (worn)
Magical Staves
 r - a staff of conjuration
Jewellery
 h - a +4 ring of evasion (left tentacle)
Wands
 o - a wand of charming (7)
Scrolls
 e - a scroll of fog
 n - a scroll of amnesia {unknown}
 p - a scroll of teleportation {unknown}
 q - a scroll of torment {unknown}
 s - a scroll of blinking {unknown}
 t - a scroll of enchant weapon {unknown}
Potions
 d - a potion of brilliance
 i - a potion of might {unknown}
 l - a potion of mutation {unknown}
 m - a potion of heal wounds {unknown}


   Skills:
 + Level 1.6 Fighting
 - Level 0.2 Short Blades
 + Level 2.7 Dodging
 + Level 4.2 Stealth
 + Level 1.3 Shields
 - Level 0.2 Unarmed Combat
 + Level 2.6 Spellcasting
 + Level 1.4 Conjurations
 * Level 3.0 Transmutations
 + Level 3.5 Earth Magic
 + Level 1.1 Evocations


You had 6 spell levels left.
You knew the following spells:

 Your Spells              Type           Power      Damage    Failure   Level
a - Sandblast             Erth           30%        2d9       22%         1
b - Stone Arrow           Conj/Erth      24%        3d8       69%         3

Your spell library contained the following spells:

 Spells                   Type           Power      Damage    Failure   Level
 Passwall                 Tmut/Erth      11%        N/A       34%         2
 Animate Skeleton         Necr           4%         N/A       67%         1
 Pain                     Necr           8%         1d4       67%         1
 Ensorcelled Hibernation  Hex/Ice        4%         N/A       80%         2
 Spider Form              Tmut/Pois      8%         N/A       82%         3
 Petrify                  Tmut/Erth      14%        N/A       93%         4
 Vampiric Draining        Necr           2%         2d6       95%         3


Dungeon Overview and Level Annotations

Branches:
Dungeon (4/15)             Temple (1/1) D:4

Altars:
Cheibriados
Dithmenos
Elyvilon
Fedhas
Gozag
Kikubaaqudgha
Okawaru
Sif Muna
Wu Jian
Xom
Yredelemnul

Annotations:
D:3 1 runed translucent door, Crazy Yiuf


Innate Abilities, Weirdness & Mutations

You cannot wear most types of armour.
You are amphibious.
You can wear up to eight rings at the same time.
Your skin changes colour to match your surroundings (Stealth+).
Your rubbery body absorbs attacks. (AC +1, EV +1)
((You are camouflaged near water. (Stealth+)))
You have tentacles for arms and can constrict up to eight enemies at once.


Message History

You block the scorpion's attack.
Unknown command.
Casting: Sandblast (safe; 22% risk of failure)
Confirm with . or Enter, or press ? or * to list all spells.
Aiming: Sandblast (safe; 22% risk of failure)
Press: ? - help, Shift-Dir - straight line, f/p - scorpion
Aim: a scorpion (heavily wounded, 79% to hit)
The blast of sand hits the scorpion but does no damage.
The scorpion is heavily wounded.
The scorpion stings you!
* * * LOW HITPOINT WARNING * * *
You are lethally poisoned!
The scorpion poisons you!
You are confused.
You feel invigorated.
* * * LOW HITPOINT WARNING * * *
You feel very sick. The scorpion stings you.
* * * LOW HITPOINT WARNING * * *
You are too confused!
You're too confused to move!
* * * LOW HITPOINT WARNING * * *
You feel very sick. The scorpion barely misses you.
The scorpion closely misses you.
You feel sick. The scorpion misses you.
You're too confused to move!
You feel less invigorated.
You feel less confused.
You feel sick. The scorpion misses you.
As you read the scroll labelled ZIPYAH VOEPLA, it crumbles to dust.
The scroll dissolves into smoke.
It was a scroll of fog.
You feel sick. You block the scorpion's attack.
You feel sick. You block the scorpion's attack.
You feel sick.
You feel sick.
You feel sick.
You are no longer poisoned.
Your magical contamination has completely faded away.
The scorpion stings you!
You die...
Your body crumbles into a pile of gold.

........# ..#
...####.## ..
....###..# #.#
.......#.######..##
..####.#......##..#
.## #.....##.###.##
.. ♣♣♣##.##......##
#. #.###♣#♣>♣.#####
#.#
#.@s..§§§§######
#.#
♣.♣#♣#§§§§#....#
#.# #. ###§§§§...#
#.# ♣. ##§§§...#
#.. #. ##.....# .#.
.. ##....# .# ....#
# ....# #####


You could see a scorpion.

Vanquished Creatures
  A phantom (D:4)
  Terence (D:3)
  2 iguanas (D:4)
  An orc wizard (D:3)
  2 hound skeletons (D:4)
  2 adders
  A gnoll (D:3)
  2 worms
  2 dart slugs
  6 orcs
  6 endoplasms
  A giant cockroach (D:2)
  8 goblins
  8 hobgoblins
  A quokka (D:4)
  4 ball pythons
  3 bats
  5 frilled lizards
  9 kobolds
  5 rats
70 creatures vanquished.

Vanquished Creatures (others)
  A plant (Temple)
1 creature vanquished.

Grand Total: 71 creatures vanquished

Notes
Turn   | Place    | Note
-------+----------+-------------------------------------------
     0 | D:1      | wotkd0121004 the Octopode Earth Elementalist began the
                  | quest for the Orb.
     0 | D:1      | Reached XP level 1. HP: 11/11 MP: 3/3
   102 | D:1      | Reached XP level 2. HP: 17/17 MP: 0/5
   574 | D:1      | Reached skill level 3 in Stealth
   827 | D:1      | Found a faded altar of an unknown god.
  1260 | D:2      | Reached XP level 3. HP: 22/22 MP: 1/6
  1362 | D:2      | Learned a level 3 spell: Stone Arrow
  2435 | D:3      | Reached skill level 1 in Fighting
  2435 | D:3      | Reached XP level 4. HP: 7/28 MP: 0/7
  3206 | D:3      | Found a runed translucent door.
  3207 | D:3      | Noticed Crazy Yiuf
  3229 | D:3      | Noticed Terence
  3235 | D:3      | Killed Terence
  3236 | D:3      | Reached XP level 5. HP: 31/33 MP: 8/8
  3271 | D:3      | Reached skill level 4 in Stealth
  3271 | D:3      | Reached skill level 1 in Shields
  3271 | D:3      | Reached skill level 1 in Conjurations
  3276 | D:3      | Found a snail-covered altar of Cheibriados.
  3875 | D:4      | HP: 1/33 [quokka (3)]
  4094 | D:4      | Found a staircase to the Ecumenical Temple.
  4141 | D:4      | Noticed a black bear
  4189 | D:4      | Noticed a phantom
  4216 | Temple   | Entered the Ecumenical Temple
  4526 | Temple   | Became a worshipper of Gozag Ym Sagoz the Greedy
  4588 | D:4      | Killed a phantom
  4589 | D:4      | Reached skill level 1 in Evocations
  4589 | D:4      | Reached XP level 6. HP: 10/38 MP: 1/9
  4987 | D:4      | Slain by a scorpion

Illustrated notes

Levels and vault maps discovered:
D:1:      eino_arrival_cavern_c, layout_basic,
          dreamdust_ecumenical_altar_statues
D:2:      layout_basic
D:3:      minmay_recursive_quarters, layout_basic,
          mainiacjoe_overflow_small_starburst, kennysheep_generic_room_11,
          uniq_terence, uniq_crazy_yiuf_cottage
D:4:      layout_rooms, minmay_temple_entry_stoned_glass, gammafunk_ghost_arena,
          serial_forest, infiniplex_forest_end_2, infiniplex_forest_lined_2,
          infiniplex_forest_side_room, infiniplex_forest_straight_1,
          infiniplex_forest_straight_1, infiniplex_forest_fountain,
          infiniplex_forest_lined_corner, infiniplex_forest_end_2,
          nrook_mini_backslash
Temple:   cyrus_temple_forest

Skill      XL: |  1  2  3  4  5  6 |
---------------+-------------------+-----
Stealth        | 3 4 |  4.2
Transmutations | 2 3 |  3.0
Fighting       | 1 |  1.6
Shields        | 1 |  1.3
Conjurations   | 1 |  1.4
Evocations     | 1 |  1.1
Short Blades   | |  0.2
Dodging        | |  2.7
Unarmed Combat | |  0.2
Spellcasting   | |  2.6
Earth Magic    | |  3.5

Action                   |  1- 3 |  4- 6 || total
-------------------------+-------+-------++-------
Melee: Unarmed           |     6 |       ||     6
       Constrict         |    18 |    18 ||    36
       Tentacles         |    17 |    14 ||    31
       Dagger            |    66 |    62 ||   128
 Cast: Sandblast         |    24 |    44 ||    68
  Use: Potion            |     2 |     3 ||     5
       Scroll            |       |     5 ||     5
 Stab: Sleeping          |     9 |     3 ||    12
Armor: Skin              |     8 |     2 ||    10
Dodge: Dodged            |    49 |    50 ||    99
Block: Kite shield       |     5 |    48 ||    53
       Buckler           |     1 |       ||     1

Table legend: (Time is in decaauts)
 A = Elapsed time spent in this place.
 B = Non-inter-level travel time spent in this place.
 C = Inter-level travel time spent in this place.
 D = Time resting spent in this place.
 E = Time spent auto-exploring this place.
 F = Levels seen in this place.
 G = Mean time per level.
                   A        B        C        D        E       F      G
               +--------+--------+--------+--------+--------+-----+--------+
         Total |   5010 |   4928 |     82 |    825 |   3228 |   5 | 1002.0 |
       Dungeon |   4651 |   4569 |     82 |    591 |   3194 |   4 | 1162.8 |
        Temple |    359 |    359 |      0 |    234 |     34 |   1 |  359.0 |
               +--------+--------+--------+--------+--------+-----+--------+

Top non-repeatable levels by time:
     D:3: 1492 daAuts
     D:2: 1428 daAuts
     D:1: 1206 daAuts
     D:4: 524 daAuts
  Temple: 359 daAuts
